 Dungeon Crawl Stone Soup version 0.24-a0-415-g6d73c25c48 (webtiles) character file.

Game seed: 288641064710903674

1365 IntelligentOne the Covered (level 8, -43/74 HPs)
             Began as a Deep Dwarf Fighter on June 7, 2019.
             Was a Follower of Makhleb.
             Killed from afar by Edmund (63 damage)
             ... with an exploding inner flame
             ... hexed by the player character
             ... on level 5 of the Dungeon.
             The game lasted 00:51:22 (4096 turns).

IntelligentOne the Covered (Deep Dwarf Fighter)     Turns: 4096, Time: 00:51:22

Health: -43/74     AC: 11    Str: 21    XL:     8   Next: 38%
Magic:  4/4        EV:  6    Int: 10    God:    Makhleb [*.....]
Gold:   304        SH: 10    Dex: 12    Spells: 7/7 levels left

rFire    x . .     SeeInvis .   m - +2 flail (crush)
rCold    + . .     Gourm    .   c - +0 shield
rNeg     . . .     Faith    .   o - +0 chain mail
rPois    .         Spirit   .   (no helmet)
rElec    .         Reflect  .   j - +0 cloak (curse)
rCorr    .         Harm     .   (no gloves)
MR       +....                  (no boots)
Stlth    ..........             (no amulet)
HPRegen  0.00/turn              n - ring of ice
MPRegen  0.09/turn              (no ring)

@: about to teleport, non-regenerating
A: damage resistance, heal wounds, sense surroundings 1, no regeneration
a: Heal Wounds, Renounce Religion


You were on level 5 of the Dungeon.
You worshipped Makhleb.
Makhleb was aware of your devotion.
You were not hungry.

You visited 1 branch of the dungeon, and saw 5 of its levels.

You collected 304 gold pieces.

Inventory:

Hand Weapons
 a - a +0 long sword
 h - a +0 antimagic whip
 l - a +2 hunting sling of flaming
 m - a +2 flail of crushing (weapon)
Armour
 b - a +0 scale mail
 c - a +0 shield (worn)
 j - a cursed +0 cloak (worn)
 o - a +0 chain mail (worn)
Jewellery
 n - a ring of ice (left hand)
Wands
 s - a wand of random effects (14)
 u - a wand of paralysis (9)
Scrolls
 e - 2 scrolls of identify
 p - 2 scrolls of teleportation {unknown}
 q - a scroll of fog {unknown}
Potions
 d - 2 potions of might
 i - a potion of flight
 r - a potion of lignification
Comestibles
 f - 11 rations
 g - 2 chunks of flesh


   Skills:
 + Level 5.0 Fighting
 - Level 4.3 Long Blades
 + Level 3.7 Maces & Flails
 + Level 6.5 Armour
 - Level 1.4 Dodging
 - Level 0.3 Stealth
 + Level 6.2 Shields


You had 7 spell levels left.
You didn't know any spells.
Your spell library contained the following spells:

 Spells                   Type           Power        Failure   Level  Hunger
 Animate Skeleton         Necr           N/A          100%        1    ##.....
 Apportation              Tloc           #.....       100%        1    ##.....
 Confusing Touch          Hex            #.....       100%        1    ##.....
 Magic Dart               Conj           #...         100%        1    ##.....
 Summon Small Mammal      Summ           #...         100%        1    ##.....
 Blink                    Tloc           N/A          100%        2    ###....
 Call Imp                 Summ           #.......     100%        2    ###....
 Slow                     Hex            #.......     100%        2    ###....
 Conjure Flame            Conj/Fire      #.......     100%        3    ####...
 Mephitic Cloud           Conj/Pois/Air  #.......     100%        3    ####...


Dungeon Overview and Level Annotations

Branches:
Dungeon (5/15)             Temple (0/1) D:4

Altars:
Dithmenos
Makhleb
Trog
Yredelemnul

Shops:
D:5 [}


Innate Abilities, Weirdness & Mutations

You are resistant to damage.
You can heal yourself by infusing magical energy.
You passively map a small area around you.
You do not regenerate.


Message History

You hit Edmund but do no damage.
Edmund is heavily wounded.
Edmund closely misses you. x2
You hit Edmund.
Edmund is severely wounded.
Edmund hits you with a +1 dire flail of distortion!
Space bends around you.
You sock Edmund!
Edmund is almost dead.
Edmund hits you with a +1 dire flail of distortion.
Space bends around you.
* * * LOW HITPOINT WARNING * * *
You barely miss Edmund.
Edmund is almost dead.
Edmund hits you but does no damage.
You feel strangely unstable.
You sock Edmund!
Edmund explodes!
The fiery explosion engulfs you!!! The fire burns you terribly!
Ouch! That really hurt!
You die...

.......#............#
≈≈≈≈≈≈.#....#.......# + ≈
≈≈≈≈≈≈≈.'............. ≈
≈≈≈≈≈≈.#........##..# ≈ ≈
≈≈≈≈≈≈.#..#.....#.... ,
.......#..#..........
##############..##.....#...
#....##..##.....##......... #^
#.......§§@................
#.####......§§§................
#...........§##................
#..........##....<...........
#..........##..#.....(.......
##..........#..##...##.......
#.............###..........).
##.##....#...................
#*#.....#......##...........


There were no monsters in sight!

Vanquished Creatures
  Eustachio (D:4)
  An ice beast (D:5)
  3 eyes of draining (D:3)
  A centaur (D:5)
  2 ogres (D:4)
  A howler monkey (D:4)
  A hound (D:4)
  A centaur skeleton (D:4)
  2 orc priests (D:4)
  3 orc wizards (D:4)
  3 iguanas
  3 worker ants
  A hound skeleton (D:4)
  A gnoll (D:3)
  A howler monkey skeleton (D:5)
  8 adders
  5 worms
  2 dart slugs
  4 leopard geckos
  8 orcs
  3 ball pythons (D:2)
  12 bats
  2 giant cockroaches (D:3)
  9 goblins
  4 hobgoblins
  5 jackals
  4 quokkas
  8 frilled lizards
  5 kobolds
  A leopard gecko skeleton (D:4)
  A quokka skeleton (D:4)
  25 rats
131 creatures vanquished.

Notes
Turn   | Place    | Note
-------+----------+-------------------------------------------
     0 | D:1      | IntelligentOne the Deep Dwarf Fighter began the quest for
                  | the Orb.
     0 | D:1      | Reached XP level 1. HP: 20/20 MP: 1/1
   310 | D:1      | Reached XP level 2. HP: 17/27 MP: 2/2
   986 | D:2      | Reached XP level 3. HP: 16/33 MP: 3/3
  1214 | D:2      | Found a faded altar of an unknown god.
  1256 | D:2      | Reached XP level 4. HP: 23/42 MP: 4/4
  1466 | D:2      | Found a basalt altar of Yredelemnul.
  1827 | D:3      | Reached XP level 5. HP: 41/49 MP: 0/5
  1953 | D:3      | Found a burning altar of Makhleb.
  2149 | D:3      | Reached skill level 1 in Dodging
  2216 | D:3      | Became a worshipper of Makhleb the Destroyer
  2328 | D:3      | Noticed an eye of draining
  2349 | D:3      | Killed an eye of draining
  2351 | D:3      | Noticed an eye of draining
  2370 | D:3      | Killed an eye of draining
  2370 | D:3      | Reached XP level 6. HP: 33/56 MP: 0/6
  2375 | D:3      | Found a bloodstained altar of Trog.
  2388 | D:3      | Reached skill level 5 in Armour
  2498 | D:4      | Reached skill level 1 in Maces & Flails
  2498 | D:4      | Reached XP level 7. HP: 19/63 MP: 0/6
  2606 | D:4      | Reached skill level 5 in Shields
  2621 | D:4      | Found a shadowy altar of Dithmenos.
  2737 | D:4      | Found a staircase to the Ecumenical Temple.
  2944 | D:4      | Reached * piety under Makhleb
  3233 | D:4      | Noticed Eustachio
  3276 | D:4      | Killed Eustachio
  3276 | D:4      | Reached XP level 8. HP: 60/73 MP: 4/4
  3645 | D:5      | Entered Level 5 of the Dungeon
  3820 | D:5      | Found Ahea's Antique Armour Shop.
  3842 | D:5      | Found Usum Utuest's Gadget Boutique.
  4064 | D:5      | Reached skill level 5 in Fighting
  4073 | D:5      | Noticed Edmund
  4096 | D:5      | Killed Edmund
  4096 | D:5      | Killed from afar by Edmund

Levels and vault maps discovered:
D:1:      lightli_arrival_boilingwater, layout_loops_ring
D:2:      layout_rooms, yredelemnul_altar_generic,
          chequers_ecumenical_altar_simple, minmay_rat_hole
D:3:      layout_loops_ring, trog_eyes_of_draining, lemuel_tele_altar
D:4:      minmay_razor_zed, layout_gridville, minmay_temple_entry_nine_rooms,
          nicolae_dithmenos_shadow_blocks, uniq_eustachio
D:5:      layout_cave_pools, serial_shops, shop, shop, first_ration,
          nrook_pool_corridor, uniq_edmund

Skill      XL: |  1  2  3  4  5  6  7  8 |
---------------+-------------------------+-----
Armour         | 4 5 6 |  6.5
Fighting       | 3 4 5 |  5.0
Shields        | 4 5 6 |  6.2
Long Blades    | 3 4 |  4.3
Dodging        | 1 |  1.4
Maces & Flails | 1 3 |  3.7
Stealth        | |  0.3

Action                   |  1- 3 |  4- 6 |  7- 9 || total
-------------------------+-------+-------+-------++-------
Melee: Long sword        |   185 |   179 |       ||   364
       Whip              |       |    17 |    20 ||    37
       Flail             |       |       |   162 ||   162
 Abil: Heal Wounds       |     1 |     2 |     6 ||     9
  Use: Potion            |     3 |       |     2 ||     5
       Scroll            |     1 |     1 |     6 ||     8
  Eat: Chunk             |     1 |     5 |     6 ||    12
Armor: Scale mail        |   108 |    71 |    23 ||   202
       Chain mail        |       |       |    42 ||    42
Dodge: Dodged            |    51 |    47 |    33 ||   131
Block: Shield            |   110 |    93 |    87 ||   290
       Rpst.: Long sword |    21 |    15 |       ||    36

Table legend:
 A = Non-vault XP
 B = Vault XP
 C = Vault XP percentage of total XP
 D = Non-vault monster count
 E = Vault monster count
 F = Vault count percentage of total count
                 A         B        C        D         E       F
            +---------+---------+-------+---------+---------+-------
      Total |    1133 |     818 |  41.9 |      99 |      32 |  24.4
            +---------+---------+-------+---------+---------+-------
        D:1 |      27 |       0 |   0.0 |      17 |       0 |   0.0
        D:2 |     114 |      20 |  14.9 |      26 |      19 |  42.2
        D:3 |      70 |     386 |  84.6 |      23 |       5 |  17.9
        D:4 |     565 |     412 |  42.2 |      21 |       8 |  27.6
        D:5 |     357 |       0 |   0.0 |      12 |       0 |   0.0
            +---------+---------+-------+---------+---------+-------
